Map: Acid Plant LE

Players

Elazer - Winner!

  • Race: Zerg Zerg
  • League: Grandmaster
  • Spawn Location: 5:00

HellraiseR

  • Race: Protoss Protoss
  • League: Master
  • Spawn Location: 11:00

Event: HomeStory Cup XVII

VOD

Have the link to the VOD?

Description

Time

  • Played on: June 29, 2018, 9:24 a.m.
  • Length: 8:24

All games in this series

Show
View Real Time Build Order
Export as new Build Order

Elazer Zerg - Winner!

Build Orders: Hatch First 

Get SALT Encoding   

  12  0:00  Drone  
  13  0:11  Overlord  
  13  0:16  Drone  
  14  0:30  Drone x2  
  16  0:47  Hatchery  
  15  0:50  Drone  
  15  0:54  Drone  
  17  0:57  Drone  
  18  1:08  Extractor  
  17  1:12  Spawning Pool  
  17  1:15  Drone  
  17  1:19  Drone  
  18  1:27  Drone  
  19  1:38  Drone  
  20  1:48  Overlord  
  20  1:59  Queen x2  
  20  2:00  Zergling x4  
  26  2:11  Metabolic Boost  
  26  2:12  Drone x2  
  28  2:22  Drone x2  
  30  2:32  Drone x2  
  32  2:42  Hatchery  
  31  2:45  Queen  
  31  2:50  Overlord  
  33  2:54  Drone x2  
  33  2:56  Drone  
  36  3:08  Drone x4  
  36  3:09  Drone x2  
  36  3:12  Overlord  
  42  3:20  Queen  
  44  3:31  Spore Crawler, Drone  
  44  3:32  Drone  
  44  3:33  Drone x2  
  47  3:34  Drone  
  47  3:36  Spore Crawler  
  47  3:39  Drone x3  
  50  3:43  Drone  
  50  3:46  Drone  
  52  3:53  Overlord  
  52  3:54  Drone x4  
  56  4:00  Queen  
  58  4:04  Overlord  
  58  4:16  Lair  
  58  4:22  Spore Crawler  
  57  4:28  Drone x7  
  57  4:30  Drone x3  
  66  4:32  Extractor  
  66  4:33  Drone, Extractor  
  66  4:35  Drone  
  66  4:37  Overlord  
  66  4:38  Roach Warren  
  65  4:41  Drone  
  66  4:46  Overlord  
  66  4:50  Overlord  
  66  4:57  Drone x2, Evolution Chamber  
  66  4:59  Drone x2  
  69  5:02  Extractor  
  69  5:04  Overlord  
  69  5:05  Extractor  
  67  5:17  Roach x11  
  89  5:23  Glial Reconstitution  
  89  5:25  Overlord  
  89  5:32  Overlord  
  89  5:33  Zerg Missile Weapons Level 1  
  89  5:35  Roach  
  90  5:38  Roach x2  
  90  5:42  Roach  
  96  5:43  Overlord x3  
  96  5:52  Overlord  
  96  5:53  Roach  
  96  5:54  Roach x6  
  110  5:58  Overlord  
  110  6:02  Roach x2  
  110  6:08  Overlord  
  110  6:10  Roach x3  
  116  6:15  Roach, Hydralisk Den  
  116  6:16  Roach  
  119  6:18  Overseer  
  119  6:22  Zergling x2  
  119  6:23  Zergling x6  
  123  6:29  Zergling x2  
  123  6:30  Zergling x8  
  128  6:34  Zergling x4  
  128  6:38  Overlord  
  130  6:40  Zergling x4  
  130  6:45  Grooved Spines  
  132  6:47  Hydralisk x3  
  136  6:56  Hydralisk x3  
  136  6:58  Hydralisk  
  144  7:01  Hydralisk  
  144  7:03  Hydralisk  
  144  7:08  Hydralisk  
  148  7:12  Ravager x2  
  148  7:13  Zergling x6  
  152  7:24  Zergling x18  
  161  7:30  Overlord x2  
  161  7:33  Ravager x3  
  162  7:38  Ravager  
  162  7:40  Overlord x2  
  159  8:05  Zergling x18  
Show
View Real Time Build Order
Export as new Build Order

HellraiseR Protoss 

Build Orders: 1 Gate Expand, Oracle Opening, Phoenix Opening, Archon Immortal, Zealot Archon, Archon Drop 

Get SALT Encoding   

  12  0:01  Probe  
  13  0:13  Probe  
  14  0:21  Pylon  
  14  0:25  Probe  
  15  0:35  Probe  
  15  0:39  Gateway  
  16  0:43  Probe  
  16  0:48  Assimilator  
  17  0:54  Probe  
  18  1:06  Probe  
  19  1:23  Nexus  
  19  1:24  Probe  
  20  1:33  Cybernetics Core  
  20  1:36  Probe  
  21  1:45  Assimilator  
  21  1:49  Probe  
  21  1:53  Pylon  
  22  2:00  Probe  
  23  2:02  Adept  
  23  2:08  Probe  
  26  2:16  Probe  
  27  2:25  Stargate  
  27  2:27  Probe  
  27  2:29  Adept  
  30  2:30  Probe  
  31  2:38  Warp Gate  
  31  2:39  Probe x2  
  33  2:49  Probe  
  34  2:51  Probe  
  35  2:58  Oracle  
  35  2:59  Gateway  
  35  3:01  Probe  
  35  3:03  Probe  
  40  3:13  Probe  
  40  3:14  Pylon  
  40  3:15  Probe  
  42  3:25  Probe  
  43  3:28  Phoenix, Probe  
  43  3:29  Assimilator  
  43  3:32  Assimilator  
  44  3:37  Probe  
  44  3:40  Probe  
  48  3:44  Pylon  
  48  3:46  Robotics Facility  
  48  3:49  Probe  
  48  3:52  Probe  
  50  4:00  Twilight Council  
  50  4:01  Probe  
  51  4:04  Probe  
  52  4:13  Gateway x2, Probe  
  52  4:16  Probe  
  54  4:22  Warp Prism  
  54  4:25  Probe  
  54  4:28  Probe  
  54  4:30  Pylon  
  56  4:37  Templar Archives  
  59  4:42  Zealot  
  59  4:44  Zealot  
  62  4:48  Pylon  
  64  4:58  Nexus  
  64  4:59  Probe  
  64  5:00  Probe  
  64  5:12  Probe x2, Shield Battery  
  66  5:18  Forge  
  66  5:19  High Templar x4  
  74  5:24  Probe x2  
  74  5:25  Archon x2  
  76  5:32  Pylon, Protoss Ground Weapons Level 1  
  76  5:34  Observer  
  77  5:36  Probe  
  78  5:50  Probe x2  
  78  5:51  Immortal  
  80  6:03  Probe  
  85  6:05  Probe  
  85  6:09  Gateway  
  85  6:11  Sentry x2  
  90  6:13  Gateway x2  
  90  6:14  Sentry  
  90  6:15  Zealot  
  90  6:16  Gateway, Probe  
  90  6:17  Probe, Pylon  
  96  6:20  Immortal  
  96  6:22  Gateway  
  96  6:30  Gateway  
  100  6:38  Zealot x2  
  104  6:40  Pylon  
  104  6:47  Probe  
  104  6:48  Probe  
  104  6:50  Zealot  
  104  6:51  Immortal  
  109  6:55  Pylon  
  109  6:56  Pylon  
  109  7:01  High Templar x2  
  116  7:04  Pylon  
  116  7:06  Pylon x2  
  116  7:08  Probe  
  116  7:09  Archon  
  116  7:13  Probe  
  118  7:16  Stalker  
  118  7:17  Zealot x4  
  118  7:20  Immortal  
  126  7:30  Zealot x2  
  134  7:41  Zealot x5  
  144  7:54  Zealot x5  
  134  8:08  Zealot x5  
  109  8:14  Zealot  
  109  8:15  Zealot x4  
Tags
 
Add a new tag
Caveats
  • Supply blocks, unpowered buildings, or Contaminate may cause inaccurate times.
  • Supply counts are checked every 10 seconds.